 Dungeon Crawl Stone Soup version 0.29.1-2-gbd0b4ee654 (webtiles) character file.

Game seed: 7045648637447037515

5 xian the Trooper (level 1, -1/18 HPs)
             Began as a Demonspawn Abyssal Knight on Nov 13, 2022.
             Was a Follower of Lugonu.
             Killed from afar by a dart slug (3 damage)
             ... with a slug dart
             ... on level 1 of the Dungeon.
             The game lasted 00:01:08 (526 turns).

xian the Trooper (Demonspawn Abyssal Knight)         Turns: 526, Time: 00:01:08

Health: -1/18      AC:  3    Str: 13    XL:     1   Next: 66%
Magic:  2/2        EV: 11    Int: 11    God:    Lugonu [*.....]
Gold:   0          SH:  0    Dex: 13    Spells: 0/0 levels left

rFire   . . .      SeeInvis .   a - +1 short sword
rCold   . . .      Faith    .   (no shield)
rNeg    . . .      Spirit   .   b - +0 leather armour
rPois   .          Reflect  .   (no helmet)
rElec   .          Harm     .   (no cloak)
rCorr   .          Rampage  .   (no gloves)
Will    .....                   (no boots)
Stlth   +.........              (no amulet)
HPRegen 0.06/turn               (no ring)
MPRegen 0.08/turn               (no ring)

@: no status effects
A: no striking features
a: Renounce Religion, Depart the Abyss


You were on level 1 of the Dungeon.
You worshipped Lugonu.
Lugonu was aware of your devotion.
You visited 1 branch of the dungeon, and saw 1 of its levels.
You visited the Abyss 1 time.

Inventory:

Hand Weapons
 a - a +1 short sword (weapon)
Armour
 b - a +0 leather armour (worn)


   Skills:
 + Level 3.2 Fighting
 + Level 1.8 Short Blades
 + Level 1.9 Armour
 + Level 0.8 Dodging
 + Level 2.4 Invocations


You couldn't memorise any spells.
You didn't know any spells.
Your spell library was empty.

Dungeon Overview and Level Annotations

Branches:
Dungeon (1/15)

Altars:


Message History

The ball python hisses angrily.
A kobold comes into view. It is wielding a +0 dagger.
You closely miss the rat. The rat bites you but does no damage.
The dart slug misses you.
You hit the rat.
The rat is severely wounded.
The rat bites you.
The ball python bites you but does no damage.
The ball python closely misses you. The dart slug barely misses you.
Unknown command.
You hit the rat.
You kill the rat!
Lugonu accepts your kill. The ball python barely misses you.
The ball python closely misses you. The dart slug closely misses you.
You hit the ball python.
The ball python is severely wounded.
The ball python misses you. The ball python barely misses you. x3
Unknown command.
You barely miss the ball python.
The ball python is severely wounded.
The dart slug bites you. The ball python closely misses you. x2
You hit the ball python.
You kill the ball python!
Lugonu accepts your kill. The dart slug bites you.
Unknown command.
You barely miss the kobold. The dart slug launches a dart at you.
The slug dart misses you. The kobold hits you with a +0 dagger.
You hit the kobold but do no damage. The kobold hits you with a +0 dagger.
* * * LOW HITPOINT WARNING * * *
You closely miss the kobold. The dart slug closely misses you.
The kobold hits you with a +0 dagger.
* * * LOW HITPOINT WARNING * * *
You hit the kobold.
The kobold is moderately wounded.
The dart slug launches a dart at you. The slug dart hits you.
You die...

#.~≈ #.##.# #~~# #....#
#~≈# #....### #≈.#
#...... #~.###....#
##~~.......#
#≈≈........#
##########~....†@...#
..........≈#####wK..#
........#......#....#
........#.####.........
+....⌠..#.. .........
##......#### ###..##...
###....# #.. ... #....#
#.# .. ##...#


You could see a dart slug and a kobold.

Vanquished Creatures
  A dart slug (D:1)
  A kobold (D:1)
  A ball python (D:1)
  A rat (D:1)
4 creatures vanquished.

Notes
Turn   | Place    | Note
-------+----------+-------------------------------------------
     0 | Abyss:1  | xian the Demonspawn Abyssal Knight began the quest for the
                  | Orb.
     0 | Abyss:1  | Reached XP level 1. HP: 18/18 MP: 2/2
    36 | Abyss:2  | Noticed a large abomination
    69 | Abyss:2  | Noticed a raiju
    94 | Abyss:2  | Noticed a harpy skeleton
    95 | Abyss:2  | Noticed a black mamba skeleton
    96 | Abyss:2  | Noticed a nagaraja simulacrum
    96 | Abyss:2  | Noticed a spriggan defender zombie
   101 | D:1      | Escaped the Abyss
   526 | D:1      | Killed from afar by a dart slug

Illustrated notes

Levels and vault maps discovered:
D:1:      nicolae_arrival_somewhat_less_tricky_arrival, layout_basic,
          shapermc_ecumenical_altar_mp_vishouse, chequers_serial_rivers_small_a,
          minmay_misc_feat_rows

Action                   || total
-------------------------++-------
Melee: Short sword       ||    23
Invok: Depart the Abyss  ||     1
Armor: Leather armour    ||     4
Dodge: Dodged            ||    18
